 Dungeon Crawl Stone Soup version 0.28-a0-385-g79de503ca0 (webtiles) character file.

Game seed: 13768969948990904765

98 Ijustatesigmund the Skirmisher (level 4, -1/29 HPs)
             Began as a Gargoyle Fighter on Sept 3, 2021.
             Slain by Ijyb (5 damage)
             ... while paralysed by Ijyb
             ... on level 2 of the Dungeon.
             The game lasted 00:02:47 (1743 turns).

Ijustatesigmund the Skirmisher (Gargoyle Fighter)   Turns: 1743, Time: 00:02:48

Health: -1/29      AC: 10    Str: 18 (19) XL:     4   Next: 69%
Magic:  4/4        EV:  2    Int:  6 (9)  God:
Gold:   55         SH:  0    Dex:  8 (10) Spells: 3/3 levels left

rFire   . . .      SeeInvis .   a - +0 flail (venom)
rCold   . . .      Faith    .   c - +0 buckler
rNeg    + . .      Spirit   .   b - +0 scale mail
rPois   ∞          Reflect  .   (no helmet)
rElec   +          Harm     .   (no cloak)
rCorr   .          Rampage  .   (no gloves)
Will    .....                   (no boots)
Stlth   ..........              (no amulet)
HPRegen 0.09/turn               (no ring)
MPRegen 0.09/turn               (no ring)

@: paralysed, flying, hasted
A: sickness immunity, AC +3, negative energy resistance 1, electricity
resistance, torment resistance 1, petrification resistance, mutation resistance
1, MP-powered wands
a: no special abilities


You were on level 2 of the Dungeon.
You visited 1 branch of the dungeon, and saw 2 of its levels.

You collected 55 gold pieces.

Inventory:

Hand Weapons
 a - a +0 flail of venom (weapon)
Armour
 b - a +0 scale mail (worn)
 c - a +0 buckler (worn)
Scrolls
 i - a scroll of teleportation {unknown}
Potions
 d - a potion of might


   Skills:
 + Level 4.2 Fighting
 * Level 4.0 Maces & Flails
 - Level 3.2 Armour
 - Level 3.2 Shields


You had 3 spell levels left.
You didn't know any spells.
Your spell library contained the following spells:

 Spells                   Type           Power      Damage    Failure   Level
 Fulminant Prism          Conj/Hex       0%         3d6       100%        4
 Iskenderun's Mystic Bla  Conj/Tloc      0%         2d3       100%        4
 Lee's Rapid Deconstruct  Erth           0%         3d5*      100%        5


Dungeon Overview and Level Annotations

Branches:
Dungeon (2/15)

Altars:

Shops:
D:1 *[*=

Annotations:
D:2 Ijyb


Innate Abilities, Weirdness & Mutations

You are immune to sickness and miasma.
Your stone body is resilient. (AC +3)
You are immune to poison.
You resist negative energy. (rN+)
You are resistant to electric shocks. (rElec)
You are resistant to unholy torment.
You are immune to petrification.
You are somewhat resistant to further mutation.
You expend magic power (3 MP) to strengthen your wands.


Message History

Ijyb screams, "It's all mine!"
Ijyb hits you but does no damage.
You hit Ijyb.
Ijyb is poisoned.
Ijyb is lightly wounded.
Ijyb zaps a wand.
You suddenly lose the ability to move!
The goblin hits you with a +0 club.
Ijyb zaps a wand.
You resist with some effort. The goblin hits you but does no damage.
Ijyb hits you with a +1 dagger of draining.
The goblin hits you with a +0 club. Ijyb hits you but does no damage.
The goblin hits you but does no damage. Ijyb barely misses you.
The goblin hits you but does no damage. Ijyb hits you but does no damage.
The goblin hits you with a +0 club.
* * * LOW HITPOINT WARNING * * *
Ijyb hits you with a +1 dagger of draining.
* * * LOW HITPOINT WARNING * * *
The goblin hits you with a +0 club.
* * * LOW HITPOINT WARNING * * *
You can move again.
It was a potion of mutation.
You feel extremely strange.
You feel genetically stable.
You feel your magical essence link to the dungeon's wands.
Ijyb barely misses you. The goblin hits you but does no damage.
It was a potion of degeneration.
There was something very wrong with that liquid.
You feel weakened.
You feel dopey.
You feel clumsy. Ijyb screams, "I no like you!"
Ijyb zaps a wand.
You resist with some effort. The goblin hits you but does no damage.
It was a potion of haste.
You feel yourself speed up. The goblin completely misses you.
Ijyb hits you but does no damage.
It was a potion of flight.
You feel very buoyant.
You fly up into the air.
Ijyb zaps a wand.
You suddenly lose the ability to move!
Ijyb hits you but does no damage.
Ijyb looks more healthy.
Ijyb zaps a wand.
You resist with some effort.
The now-empty wand crumbles to dust.
The goblin hits you but does no damage.
Ijyb hits you with a +1 dagger of draining.
You die...

#8....g8#
#.
#.......#
#.
#8.....8#
#.
#.......#
#.
#8.....8#
#.
#.......#
#.
##.......#
#.
#####..###
#.
#..@g....#
#.
#..)g....#
#.
#........#
#.
#........#
#.
#........#
#.
###'######
## #.# #.#
#.#


You could see Ijyb and a goblin.

Vanquished Creatures
  An adder (D:2)
  4 gnolls (D:2)
  5 bats
  2 endoplasms (D:2)
  3 giant cockroaches
  7 goblins
  6 hobgoblins
  2 jackals (D:1)
  2 quokkas
  4 ball pythons (D:1)
  A frilled lizard (D:2)
  2 kobolds
  8 rats
47 creatures vanquished.

Notes
Turn   | Place    | Note
-------+----------+-------------------------------------------
     0 | D:1      | Ijustatesigmund the Gargoyle Fighter began the quest for
                  | the Orb.
     0 | D:1      | Reached XP level 1. HP: 14/14 MP: 1/1
     3 | D:1      | Found Ofudy's Armour Shop.
    53 | D:1      | Found Irup's Assorted Antiques.
    93 | D:1      | Reached XP level 2. HP: 19/19 MP: 2/2
   193 | D:1      | Found Weituw's General Store.
   319 | D:1      | Found Ophaduz's Jewellery Shop.
   757 | D:1      | Found a faded altar of an unknown god.
   790 | D:1      | Reached XP level 3. HP: 20/24 MP: 3/3
  1277 | D:2      | Reached XP level 4. HP: 24/29 MP: 4/4
  1701 | D:2      | Noticed Ijyb
  1716 | D:2      | Paralysed by Ijyb for 7 turns
  1727 | D:2      | Paralysed by Ijyb for 7 turns
  1734 | D:2      | Gained mutation: You are somewhat resistant to further
                  | mutation. [potion of mutation]
  1734 | D:2      | Gained mutation: You expend magic power (3 MP) to
                  | strengthen your wands. [potion of mutation]
  1738 | D:2      | Paralysed by Ijyb for 6 turns
  1743 | D:2      | Slain by Ijyb

Illustrated notes

Levels and vault maps discovered:
D:1:      dpeg_arrival_orchard, layout_basic, serial_shops, nicolae_shop_trees,
          nicolae_shop_behind_doors, shop, nicolae_shop_waterfront,
          ebering_ecumenical_altar_box
D:2:      kennysheep_the_goblin_king, layout_basic, minmay_quantized

Skill      XL: |  1  2  3  4 |
---------------+-------------+-----
Maces & Flails | 3 4 |  4.0
Fighting       | 4 |  4.2
Armour         | |  3.2
Shields        | |  3.2

Action                   |  1- 3 |  4- 6 || total
-------------------------+-------+-------++-------
Melee: Flail             |    75 |    48 ||   123
  Use: Scroll            |     1 |       ||     1
       Potion            |       |     4 ||     4
Armor: Scale mail        |    49 |    45 ||    94
Dodge: Dodged            |    40 |    26 ||    66
Block: Buckler           |    12 |    14 ||    26

Table legend: (Time is in decaauts)
 A = Elapsed time spent in this place.
 B = Non-inter-level travel time spent in this place.
 C = Inter-level travel time spent in this place.
 D = Time resting spent in this place.
 E = Time spent auto-exploring this place.
 F = Levels seen in this place.
 G = Mean time per level.
                   A        B        C        D        E       F      G
               +--------+--------+--------+--------+--------+-----+--------+
         Total |   1775 |   1762 |     13 |    381 |   1082 |   2 |  887.5 |
       Dungeon |   1775 |   1762 |     13 |    381 |   1082 |   2 |  887.5 |
               +--------+--------+--------+--------+--------+-----+--------+

Top non-repeatable levels by time:
     D:1: 967 daAuts
     D:2: 807 daAuts
